 Dungeon Crawl Stone Soup version 0.22-a0-830-gf552829 (webtiles) character file.

1265 zishaf the Skirmisher (level 8, -6/81 HPs)
             Began as a Troll Assassin on July 24, 2018.
             Was a Believer of Makhleb.
             Mangled by a manticore (11 damage)
             ... on level 6 of the Dungeon.
             The game lasted 00:11:49 (5708 turns).

zishaf the Skirmisher (Troll Assassin)              Turns: 5708, Time: 00:11:50

Health: -6/81      AC:  6    Str: 21    XL:     8   Next: 27%
Magic:  0/7        EV: 16    Int:  7    God:    Makhleb [**....]
Gold:   307        SH:  0    Dex: 15    Spells: 7/7 levels left

rFire    . . .     SeeInvis .   a - +0 giant spiked club
rCold    . . .     Gourm    +   (shield currently unavailable)
rNeg     . . .     Faith    .   c - +0 robe
rPois    .         Spirit   +   (helmet restricted)
rElec    .         Reflect  .   d - +0 cloak
rCorr    .         Harm     .   (gloves unavailable)
MR       .....                  (boots unavailable)
Stlth    ++........             C - amulet of guardian spirit
HPRegen  0.63/turn              m - +3 ring of dexterity
MPRegen  0.10/turn              o - +6 ring of evasion

@: no status effects
A: large, unfitting armour, claws 3, fast metabolism 3, gourmand, regeneration
1, shaggy fur 1, tough skin 2
a: Minor Destruction, Renounce Religion


You were on level 6 of the Dungeon.
You worshipped Makhleb.
Makhleb was pleased with you.
You were full.

You visited 1 branch of the dungeon, and saw 6 of its levels.

You collected 307 gold pieces.

Inventory:

Hand Weapons
 a - a +0 giant spiked club (weapon)
 b - a +0 blowgun
 s - a +2 dagger
 I - a +1 great sword of slicing
Missiles
 e - 17 poisoned needles
 f - 2 curare-tipped needles
 F - 7 tomahawks (quivered)
Armour
 c - a +0 robe (worn)
 d - a +0 cloak (worn)
Jewellery
 m - a +3 ring of dexterity (left claw)
 o - a +6 ring of evasion (right claw)
 p - an uncursed ring of magical power
 r - an uncursed ring of flight
 z - an uncursed ring of flight
 C - an amulet of guardian spirit (around neck)
Wands
 w - a wand of digging (26)
 H - a wand of flame (30)
Scrolls
 h - 5 scrolls of identify {unknown}
 i - 5 scrolls of teleportation {unknown}
 j - 2 scrolls of enchant weapon {unknown}
 k - 3 scrolls of remove curse {unknown}
 q - a scroll of immolation {unknown}
 t - 3 scrolls of blinking {unknown}
 x - 2 scrolls of noise {unknown}
 y - 4 scrolls of fear {unknown}
 B - 2 scrolls of amnesia {unknown}
 E - a scroll of magic mapping {unknown}
Potions
 l - a potion of cancellation {unknown}
 n - 4 potions of curing {unknown}
 u - a potion of ambrosia {unknown}
 v - 3 potions of heal wounds {unknown}
 A - a potion of degeneration {unknown}
 D - a potion of magic {unknown}
 G - a potion of haste {unknown}
 J - a potion of berserk rage {unknown}
Comestibles
 g - 9 rations


   Skills:
 + Level 5.5 Fighting
 - Level 1.5 Short Blades
 * Level 4.8 Maces & Flails
 - Level 5.0 Throwing
 - Level 1.0 Dodging
 - Level 2.1 Stealth


You had 7 spell levels left.
You didn't know any spells.
Your spell library contained the following spells:

 Spells                   Type           Power        Failure   Level  Hunger
 Confuse                  Hex            #.......     80%         3    ####...
 Confusing Touch          Hex            #.....       43%         1    ##.....
 Metabolic Englaciation   Hex/Ice        #.........   100%        5    ######.
 Petrify                  Tmut/Erth      #.......     99%         4    #####..
 Gell's Gravitas          Tloc           #.........   80%         3    ####...
 Yara's Violent Unravell  Hex/Tmut       #.........   100%        5    ######.


Dungeon Overview and Level Annotations

Branches:
Dungeon (6/15)
 Temple: D:4-7

Altars:
Ashenzari
Fedhas
Kikubaaqudgha
Makhleb
Okawaru
Qazlal
Trog


Innate Abilities, Weirdness & Mutations

You are too large for most types of armour.
You have claws for hands.
Your metabolism is lightning-fast.
You like to eat raw meat.
Your natural rate of healing is unusually fast.
You are covered in fur. (AC +1)
You have very tough skin. (AC +2)


Message History

The manticore is severely wounded.
The manticore bites you!! The manticore barely misses you. x2
You closely miss the manticore.
The manticore is severely wounded.
The manticore bites you!! The manticore claws you!
* * * LOW HITPOINT WARNING * * *
The manticore claws you. The manticore bites you.
* * * LOW HITPOINT WARNING * * *
The manticore claws you!
* * * LOW HITPOINT WARNING * * *
The manticore barely misses you.
You barely miss the manticore.
The manticore is severely wounded.
The manticore misses you. The manticore closely misses you.
The manticore claws you.
* * * LOW HITPOINT WARNING * * *
You barely miss the manticore.
The manticore is heavily wounded.
The manticore bites you!
You die...

..........# #.# #.#
...##++##.+ #.####### #..
..## # #.......# ### ..#
##..####.### ..# #...#
#.#.. ..# #####..## #.#.#
### ..# ...##.# #.#.# ..#
..## #######H.#.# #.#.#
#.# ...##++##.'.#.##@#.##
#.#.# #.#
##........#..#(#.#..#
#.#.####.#
########.#.####.#..#
#.#......#
#[##....##..####.......<.
#..######................
#... .......#############
#..........##
############


You could see a manticore.

Vanquished Creatures
  Menkaure (D:5)
  A sky beast (D:6)
  A phantom (D:6)
  4 ogres
  A water moccasin skeleton (D:3)
  A bullfrog zombie (D:6)
  A hound (D:6)
  A jelly (D:6)
  2 centaur skeletons
  3 orc priests
  A bullfrog skeleton (D:6)
  An iguana (D:4)
  A worker ant (D:6)
  A killer bee zombie (D:6)
  6 gnolls (D:2)
  6 adders
  A shadow imp (D:6)
  An ooze (D:3)
  An adder skeleton (D:4)
  6 worms
  3 dart slugs
  9 orcs
  12 bats
  A bat zombie (D:6)
  14 giant cockroaches
  9 hobgoblins
  7 jackals
  7 kobolds
  2 frilled lizards
  7 goblins
  11 rats
123 creatures vanquished.

Notes
Turn   | Place    | Note
-------+----------+-------------------------------------------
     0 | D:1      | zishaf the Troll Assassin began the quest for the Orb.
     0 | D:1      | Reached XP level 1. HP: 19/19 MP: 0/0
   129 | D:1      | Reached skill level 1 in Dodging
   197 | D:1      | Reached XP level 2. HP: 28/28 MP: 1/1
   896 | D:2      | Reached XP level 3. HP: 35/35 MP: 2/2
  1066 | D:2      | Reached XP level 4. HP: 30/44 MP: 3/3
  1628 | D:2      | Reached XP level 5. HP: 30/53 MP: 4/4
  1734 | D:2      | Found a burning altar of Makhleb.
  1740 | D:2      | Became a worshipper of Makhleb the Destroyer
  1792 | D:3      | Found a blossoming altar of Fedhas.
  2513 | D:3      | Noticed a moth of wrath
  2516 | D:3      | Found a bloodstained altar of Trog.
  2521 | D:3      | Reached XP level 6. HP: 62/62 MP: 5/5
  2529 | D:3      | Reached * piety under Makhleb
  2838 | D:4      | Found an iron altar of Okawaru.
  3104 | D:4      | Found a stormy altar of Qazlal.
  3336 | D:4      | Found a shattered altar of Ashenzari.
  3965 | D:5      | Entered Level 5 of the Dungeon
  4187 | D:5      | Noticed Menkaure
  4385 | D:5      | Reached skill level 1 in Maces & Flails
  4385 | D:5      | Reached skill level 5 in Throwing
  4385 | D:5      | Reached XP level 7. HP: 32/71 MP: 1/6
  4693 | D:5      | Killed Menkaure
  4822 | D:6      | Found a large runed door.
  4822 | D:6      | Found a large runed door.
  4822 | D:6      | Noticed a troll
  5142 | D:6      | Reached skill level 5 in Fighting
  5290 | D:6      | Found an ancient bone altar of Kikubaaqudgha.
  5335 | D:6      | Reached ** piety under Makhleb
  5335 | D:6      | Reached XP level 8. HP: 80/80 MP: 7/7
  5675 | D:6      | Found a large runed door.
  5675 | D:6      | Found a large runed door.
  5697 | D:6      | Noticed a manticore
  5707 | D:6      | HP: 4/81 [manticore (2)]
  5708 | D:6      | Mangled by a manticore

Vault maps used:
D:1:      minmay_arrival_doors, corner_web_ring, minmay_misc_feat_secret_circle
D:2:      minmay_roachtagon, lightli_temple_of_fire, first_ration
D:3:      tgw_trog, fedhas_altar_3
D:4:      cheibrodos_ashenzari_chains, kennysheep_little_box,
          okawaru_gym_becter, serial_co_window_serial, co_window_paths_b,
          co_window_paths_a, co_window_cross_1, co_window_paths_a,
          co_window_paths_b, co_window_of_opportunity_a,
          co_window_of_opportunity_a, co_window_paths_b,
          co_window_of_opportunity_a, co_window_broadway_a,
          co_window_unsneaky_path_e, co_window_broadway_a, co_window_paths_d,
          glass_columns_c, glass_columns_c, glass_columns_b, glass_columns_b,
          glass_columns_b
D:5:      uniq_menkaure
D:6:      lemuel_zombie_altar_kikubaaqudgha, grunt_dithmenos_shadows, hex_large,
          minmay_hollow_rounded_squares

Skill      XL: |  1  2  3  4  5  6  7 |
---------------+----------------------+-----
Dodging        | 1 |  1.0
Throwing       | 2 3 4 5 |  5.0
Fighting       | 2 3 4 5 |  5.5
Maces & Flails | 1 4 |  4.8
Short Blades   | |  1.5
Stealth        | |  2.1

Action                   |  1- 3 |  4- 6 |  7- 9 || total
-------------------------+-------+-------+-------++-------
Melee: Unarmed           |    86 |    81 |       ||   167
       Great sword       |       |   118 |       ||   118
       Giant spiked club |       |     7 |   103 ||   110
 Stab: Sleeping          |     7 |     8 |     2 ||    17
  Eat: Chunk             |    15 |    24 |    14 ||    53
       Ration            |       |       |     1 ||     1
Armor: Robe              |    41 |    54 |    38 ||   133
Dodge: Dodged            |    94 |   209 |   138 ||   441
       Rpst.: Great sword |       |    27 |       ||    27

Table legend:
 A = Spawn XP
 B = Non-spawn XP
 C = Spawn XP percentage of total XP
 D = Spawn monster count
 E = Non-spawn monster count
 F = Spawn count percentage of total count
 G = Total turns spent on level
                    A         B        C        D         E        F      G
               +---------+---------+-------+---------+---------+-------+---------
         Total |       0 |    1808 |   0.0 |       0 |     123 |   0.0 |  5708
               +---------+---------+-------+---------+---------+-------+---------
           D:1 |       0 |      29 |   0.0 |       0 |      16 |   0.0 |   861
           D:2 |       0 |     178 |   0.0 |       0 |      37 |   0.0 |   930
           D:3 |       0 |     188 |   0.0 |       0 |      30 |   0.0 |   918
           D:4 |       0 |     175 |   0.0 |       0 |      19 |   0.0 |  1256
           D:5 |       0 |     406 |   0.0 |       0 |       4 |   0.0 |  1115
           D:6 |       0 |     832 |   0.0 |       0 |      17 |   0.0 |   628
               +---------+---------+-------+---------+---------+-------+---------
